3L
MONTANA PANDAS @ LONG ISLAND LIGHTHOUSE
09/24/2041
 
TOP OF THE 1ST
Montana Pandas batting - Pitching for Long Island Lighthouse : RHP Nolan Howard
Pitching: RHP Nolan Howard
Batting: SHB Manu Pakkarinen 0-0: Ball
1-0: Called Strike
1-1: Foul Ball, location: 2F
1-2: Ball
2-2: Strikes out swinging
Batting: SHB Chris Piña 0-0: DOUBLE (Line Drive, 9LS, EV 95.0 MPH)
Batting: LHB Gene Ricks 0-0: Called Strike
0-1: Foul Ball, location: 2F
0-2: Strikes out swinging
Batting: SHB Dylan Carson 0-0: Ball
1-0: Ball
2-0: Ball
3-0: Base on Balls
Batting: LHB DeMarvion Overshown 0-0: Ball
1-0: Ball
2-0: Foul Ball, location: 2F
2-1: Ground out 4-3 (Groundball, 4, EV 110.0 MPH)
Top of the 1st over - 0 runs, 1 hit, 0 errors, 2 left on base; Montana 0 - Long Island 0
BOTTOM OF THE 1ST
Long Island Lighthouse batting - Pitching for Montana Pandas : RHP Hengkie Iriawan
Pitching: RHP Hengkie Iriawan
Batting: RHB Eugene Bennett 0-0: Foul Ball, location: 2F
0-1: Ground out 6-3 (Groundball, 6, EV 78.8 MPH)
Batting: RHB Mark Toope 0-0: Ball
1-0: Ground out 4-3 (Groundball, 4, EV 105.6 MPH)
Batting: RHB Jonas van Claveren 0-0: Ball
1-0: Ball
2-0: Ball
3-0: Called Strike
3-1: Foul Ball, location: 2F
3-2: Foul Ball, location: 2F
3-2: DOUBLE (Groundball, 5L, EV 98.8 MPH)
Batting: RHB Oliver Villalva 0-0: Fly out, F8 (Flyball, 8RXD, EV 103.1 MPH)
Bottom of the 1st over - 0 runs, 1 hit, 0 errors, 1 left on base; Montana 0 - Long Island 0
TOP OF THE 2ND
Montana Pandas batting - Pitching for Long Island Lighthouse : RHP Nolan Howard
Batting: RHB Edgar Baeza 0-0: Ball
1-0: Ball
2-0: Called Strike
2-1: Ball
3-1: Foul Ball, location: 2F
3-2: Foul Ball, location: 2F
3-2: Strikes out swinging
Batting: RHB Eikki Kankaanperä 0-0: SINGLE (Groundball, 5L, EV 100.0 MPH)
Batting: RHB Blythe Plumpley 0-0: Ball
1-0: Ball
2-0: Swinging Strike
2-1: Ball
3-1: Swinging Strike
3-2: Strikes out swinging
Eikki Kankaanperä steals 2nd base
Batter strikes out.
Batting: RHB Nick Harper 0-0: Called Strike
0-1: Called Strike
0-2: Fly out, F7 (Flyball, 78S, EV 95.0 MPH)
Top of the 2nd over - 0 runs, 1 hit, 0 errors, 1 left on base; Montana 0 - Long Island 0
BOTTOM OF THE 2ND
Long Island Lighthouse batting - Pitching for Montana Pandas : RHP Hengkie Iriawan
Batting: SHB Vicente Romero 0-0: Foul Ball, location: 2F
0-1: Ground out 4-3 (Groundball, 4, EV 106.9 MPH)
Batting: RHB Carlos Mendoza 0-0: Ball
1-0: Ground out 6-3 (Groundball, 6, EV 91.2 MPH)
Batting: RHB Quan Easterling 0-0: Ball
1-0: SINGLE (Groundball, 4, EV 85.6 MPH) (infield hit)
Batting: RHB Alberto Ramírez 0-0: 2-RUN HOME RUN (Flyball, 78XD, EV 102.5 MPH), Distance : 423 ft
Batting: RHB Nathan Pruitt 0-0: Swinging Strike
0-1: Ground out 6-3 (Groundball, 6, EV 82.5 MPH)
Bottom of the 2nd over - 2 runs, 2 hits, 0 errors, 0 left on base; Montana 0 - Long Island 2
TOP OF THE 3RD
Montana Pandas batting - Pitching for Long Island Lighthouse : RHP Nolan Howard
Batting: SHB Manu Pakkarinen 0-0: DOUBLE (Line Drive, 5D, EV 103.1 MPH)
Batting: SHB Chris Piña 0-0: Ball
1-0: Called Strike
1-1: Ball
2-1: Called Strike
2-2: Foul Ball, location: 2F
2-2: Ball
3-2: Foul Ball, location: 2F
3-2: Foul Ball, location: 2F
3-2: Base on Balls
Batting: LHB Gene Ricks 0-0: Ball
1-0: Ball
2-0: SINGLE (Flyball, 34D, EV 95.0 MPH)
Manu Pakkarinen to third
Chris Piña to second
Batting: SHB Dylan Carson 0-0: Ball
1-0: Foul Ball, location: 2F
1-1: Swinging Strike
1-2: Foul Ball, location: 2F
1-2: Foul Ball, location: 2F
1-2: Ball
2-2: Grounds into double play, 5-4-3 (Groundball, 56S, EV 82.5 MPH)
Manu Pakkarinen scores
Chris Piña to third
Batting: LHB DeMarvion Overshown 0-0: Ball
1-0: Called Strike
1-1: Foul Ball, location: 2F
1-2: Ground out 4-3 (Groundball, 4, EV 110.0 MPH)
Top of the 3rd over - 1 run, 2 hits, 0 errors, 1 left on base; Montana 1 - Long Island 2
BOTTOM OF THE 3RD
Long Island Lighthouse batting - Pitching for Montana Pandas : RHP Hengkie Iriawan
Batting: RHB Eugene Bennett 0-0: Ground out 2-3 (Groundball, 2R, EV 71.9 MPH)
Batting: RHB Mark Toope 0-0: Ball
1-0: Fly out, F9 (Line Drive, 9, EV 95.0 MPH)
Batting: RHB Jonas van Claveren 0-0: Called Strike
0-1: Swinging Strike
0-2: Ball
1-2: Ball
2-2: Foul Ball, location: 2F
2-2: Ball
3-2: Base on Balls
Batting: RHB Oliver Villalva 0-0: Foul Ball, location: 2F
0-1: Ball
1-1: Called Strike
1-2: Strikes out swinging
Bottom of the 3rd over - 0 runs, 0 hits, 0 errors, 1 left on base; Montana 1 - Long Island 2
TOP OF THE 4TH
Montana Pandas batting - Pitching for Long Island Lighthouse : RHP Nolan Howard
Batting: RHB Edgar Baeza 0-0: Ball
1-0: Foul Ball, location: 2F
1-1: Swinging Strike
1-2: Strikes out swinging
Batting: RHB Eikki Kankaanperä 0-0: Ball
1-0: Swinging Strike
1-1: Ground out 6-3 (Groundball, 6M, EV 81.9 MPH)
Batting: RHB Blythe Plumpley 0-0: Fly out, F8 (Flyball, 89S, EV 88.8 MPH)
Top of the 4th over - 0 runs, 0 hits, 0 errors, 0 left on base; Montana 1 - Long Island 2
BOTTOM OF THE 4TH
Long Island Lighthouse batting - Pitching for Montana Pandas : RHP Hengkie Iriawan
Batting: SHB Vicente Romero 0-0: Ball
1-0: Called Strike
1-1: Foul Ball, location: 2F
1-2: Foul Ball, location: 2F
1-2: Foul Ball, location: 2F
1-2: SINGLE (Groundball, 4MD, EV 98.8 MPH)
Batting: RHB Carlos Mendoza 0-0: Called Strike
0-1: Fly out, F7 (Flyball, 7LDF, EV 110.6 MPH)
Batting: RHB Quan Easterling 0-0: Foul Ball, location: 2F
0-1: Swinging Strike
0-2: Strikes out swinging
Vicente Romero steals 2nd base
Batter strikes out.
Batting: RHB Alberto Ramírez 0-0: Ball
1-0: Called Strike
1-1: Ball
2-1: Ground out 6-3 (Groundball, 6, EV 85.0 MPH)
Bottom of the 4th over - 0 runs, 1 hit, 0 errors, 1 left on base; Montana 1 - Long Island 2
TOP OF THE 5TH
Montana Pandas batting - Pitching for Long Island Lighthouse : RHP Nolan Howard
Batting: RHB Nick Harper 0-0: Called Strike
0-1: Ball
1-1: Foul Ball, location: 2F
1-2: SINGLE (Flyball, 7LS, EV 97.5 MPH)
Batting: SHB Manu Pakkarinen 0-0: Ball
1-0: Swinging Strike
1-1: Fielders Choice at 2nd, 4-6 (Groundball, 4, EV 80.6 MPH)
Batting: SHB Chris Piña 0-0: Ball
1-0: Called Strike
1-1: Ball
2-1: Foul Ball, location: 2F
2-2: Ball
3-2: Strikes out looking
Batting: LHB Gene Ricks 0-0: Ball
1-0: Fielders Choice at 2nd, U6 (Groundball, 6M, EV 80.6 MPH)
Top of the 5th over - 0 runs, 1 hit, 0 errors, 1 left on base; Montana 1 - Long Island 2
BOTTOM OF THE 5TH
Long Island Lighthouse batting - Pitching for Montana Pandas : RHP Hengkie Iriawan
Batting: RHB Nathan Pruitt 0-0: Ball
1-0: Swinging Strike
1-1: Foul Ball, location: 2F
1-2: Strikes out swinging
Batting: RHB Eugene Bennett 0-0: Called Strike
0-1: Ball
1-1: Ball
2-1: Ground out 6-3 (Groundball, 6, EV 91.9 MPH)
Batting: RHB Mark Toope 0-0: Ball
1-0: Called Strike
1-1: Foul Ball, location: 2F
1-2: SINGLE (Groundball, 4MD, EV 96.9 MPH)
Batting: RHB Jonas van Claveren 0-0: Called Strike
Mark Toope steals 2nd base
0-1: Ball
1-1: Ball
2-1: Ball
3-1: Foul Ball, location: 2F
3-2: DOUBLE (Flyball, 7LD, EV 90.6 MPH)
Mark Toope scores
Batting: RHB Oliver Villalva 0-0: Called Strike
0-1: Ball
1-1: Fly out, F9 (Flyball, 89M, EV 95.6 MPH)
Bottom of the 5th over - 1 run, 2 hits, 0 errors, 1 left on base; Montana 1 - Long Island 3
TOP OF THE 6TH
Montana Pandas batting - Pitching for Long Island Lighthouse : RHP Nolan Howard
Batting: SHB Dylan Carson 0-0: Called Strike
0-1: Swinging Strike
0-2: Strikes out swinging
Batting: LHB DeMarvion Overshown 0-0: Called Strike
0-1: Ball
1-1: Ball
2-1: Ground out 1-3 (Groundball, 13S, EV 70.6 MPH)
Batting: RHB Edgar Baeza 0-0: Ball
1-0: Called Strike
1-1: Ground out 5-3 (Groundball, 56, EV 76.9 MPH)
Top of the 6th over - 0 runs, 0 hits, 0 errors, 0 left on base; Montana 1 - Long Island 3
BOTTOM OF THE 6TH
Long Island Lighthouse batting - Pitching for Montana Pandas : RHP Hengkie Iriawan
Batting: SHB Vicente Romero 0-0: Called Strike
0-1: Ball
1-1: Ball
2-1: SINGLE (Line Drive, 89M, EV 91.9 MPH)
Batting: RHB Carlos Mendoza 0-0: Bunt missed!
0-1: Ball
1-1: Sac Bunt to 13 - play at first, batter OUT! 1-4
Vicente Romero to second
Batting: RHB Quan Easterling 0-0: Called Strike
Vicente Romero steals 3rd base
0-1: Ball
1-1: Called Strike
1-2: Foul Ball, location: 2F
1-2: Ball
2-2: Foul Ball, location: 2F
2-2: SINGLE (Flyball, 9S, EV 87.5 MPH)
Vicente Romero scores
Batting: RHB Alberto Ramírez 0-0: Ball
1-0: Ball
2-0: Grounds into double play, 6-4-3 (Groundball, 6, EV 81.9 MPH)
Bottom of the 6th over - 1 run, 2 hits, 0 errors, 0 left on base; Montana 1 - Long Island 4
TOP OF THE 7TH
Montana Pandas batting - Pitching for Long Island Lighthouse : RHP Nolan Howard
Batting: RHB Eikki Kankaanperä 0-0: Ball
1-0: Fly out, F8 (Flyball, 89D, EV 90.6 MPH)
Batting: RHB Blythe Plumpley 0-0: Foul Ball, location: 2F
0-1: Fly out, F9 (Line Drive, 9D, EV 101.2 MPH)
Batting: RHB Nick Harper 0-0: Ball
1-0: Foul Ball, location: 2F
1-1: Fly out, F3 (Popup, 3, EV 78.1 MPH)
Top of the 7th over - 0 runs, 0 hits, 0 errors, 0 left on base; Montana 1 - Long Island 4
BOTTOM OF THE 7TH
Long Island Lighthouse batting - Pitching for Montana Pandas : RHP Hengkie Iriawan
Batting: RHB Nathan Pruitt 0-0: Ball
1-0: Foul Ball, location: 2F
1-1: Called Strike
1-2: Foul Ball, location: 2F
1-2: Ball
2-2: Ball
3-2: Base on Balls
Pitching: LHP António García
Batting: RHB Eugene Bennett 0-0: Bunted foul
0-1: Bunted foul
0-2: SINGLE (Groundball, 6MD, EV 94.4 MPH)
Nathan Pruitt to second
Runner from 2nd tries for 3rd, SAFE, no throw by CF
Batting: RHB Mark Toope 0-0: Called Strike
0-1: Ball
1-1: Foul Ball, location: 2F
1-2: Ball
2-2: 3-RUN HOME RUN (Flyball, 78XD, EV 93.1 MPH), Distance : 415 ft
Batting: RHB Jonas van Claveren 0-0: Called Strike
0-1: Foul Ball, location: 2F
0-2: Foul Ball, location: 2F
0-2: Ball
1-2: Ball
2-2: Foul Ball, location: 2F
2-2: Fly out, F5 (Flyball, 5D, EV 73.1 MPH)
Batting: RHB Oliver Villalva 0-0: Ball
1-0: Ball
2-0: Ball
3-0: Called Strike
3-1: Called Strike
3-2: Base on Balls
Batting: SHB Vicente Romero 0-0: Ball
1-0: Called Strike
1-1: Foul Ball, location: 2F
1-2: Ball
2-2: Strikes out swinging
Batting: RHB Carlos Mendoza 0-0: Foul Ball, location: 2F
0-1: Foul Ball, location: 2F
0-2: Ball
1-2: Foul Ball, location: 2F
1-2: Ball
2-2: Foul Ball, location: 2F
2-2: Ball
3-2: Base on Balls
Oliver Villalva to second
Batting: RHB Quan Easterling 0-0: Ball
1-0: Fielders Choice at 2nd, 6-4 (Groundball, 56, EV 85.0 MPH)
Bottom of the 7th over - 3 runs, 2 hits, 0 errors, 2 left on base; Montana 1 - Long Island 7
TOP OF THE 8TH
Montana Pandas batting - Pitching for Long Island Lighthouse : RHP Nolan Howard
Batting: SHB Manu Pakkarinen 0-0: Ball
1-0: Ground out 4-3 (Groundball, 34D, EV 110.6 MPH)
Batting: SHB Chris Piña 0-0: Called Strike
0-1: Ground out U3 (Groundball, 34, EV 86.2 MPH)
Batting: LHB Gene Ricks 0-0: Ball
1-0: Ball
2-0: DOUBLE (Flyball, 7LD, EV 107.5 MPH)
Batting: SHB Dylan Carson 0-0: Ball
1-0: Ball
2-0: SINGLE (Flyball, 7S, EV 87.5 MPH)
Gene Ricks to third
Batting: LHB DeMarvion Overshown 0-0: Ball
1-0: Called Strike
1-1: Ball
2-1: Swinging Strike
2-2: Foul Ball, location: 2F
2-2: Strikes out swinging
Top of the 8th over - 0 runs, 2 hits, 0 errors, 2 left on base; Montana 1 - Long Island 7
BOTTOM OF THE 8TH
Long Island Lighthouse batting - Pitching for Montana Pandas : LHP António García
Batting: RHB Alberto Ramírez 0-0: Called Strike
0-1: Called Strike
0-2: Strikes out looking
Batting: RHB Nathan Pruitt 0-0: Ball
1-0: Ball
2-0: Called Strike
2-1: Ball
3-1: Base on Balls
Batting: RHB Eugene Bennett 0-0: Ball
1-0: Foul Ball, location: 2F
1-1: SINGLE (Line Drive, 34D, EV 96.9 MPH)
Nathan Pruitt to second
Pitching: RHP Sy-ing Tah
Batting: RHB Mark Toope 0-0: Foul Ball, location: 2F
0-1: Foul Ball, location: 2F
0-2: Foul Ball, location: 2F
0-2: 3-RUN HOME RUN (Flyball, 89XD, EV 93.1 MPH), Distance : 410 ft
Pinch Hitting: RHB Myles Brundidge 0-0: Swinging Strike
0-1: Ground out 5-3 (Groundball, 56S, EV 81.2 MPH)
Pinch Hitting: LHB Daniel Joseph 0-0: Called Strike
0-1: Ball
1-1: Ball
2-1: Fly out, F9 (Flyball, 9LD, EV 107.5 MPH)
Bottom of the 8th over - 3 runs, 2 hits, 0 errors, 0 left on base; Montana 1 - Long Island 10
TOP OF THE 9TH
Montana Pandas batting - Pitching for Long Island Lighthouse : RHP Nolan Howard
Now at 2B: Myles Brundidge
Now in LF: Daniel Joseph
Pinch Hitting: RHB Júlio Rodríguez 0-0: Ball
1-0: Ball
2-0: SINGLE (Groundball, 56D, EV 110.0 MPH)
Pitching: LHP Fred Proctor
Batting: RHB Eikki Kankaanperä 0-0: Swinging Strike
0-1: Ball
1-1: Swinging Strike
1-2: Strikes out swinging
Pinch Hitting: RHB Felix Plugge 0-0: Called Strike
0-1: Swinging Strike
0-2: Ball
1-2: Grounds into double play, 1-4-3 (Groundball, 15, EV 75.6 MPH)
Top of the 9th over - 0 runs, 1 hit, 0 errors, 0 left on base; Montana 1 - Long Island 10
Tuesday, January 5th, 2021 - OOTP Baseball 20.8 Build 74